[Event "Team 45 45 League T95"]
[Site "Internet Chess Club"]
[Date "2023.01.13"]
[Round "1"]
[White "cyborg86"]
[Black "LookImYourVader"]
[Result "1-0"]
[WhiteElo "2279"]
[BlackElo "1776"]
[Opening "Sicilian: O'Kelly variation"]
[ECO "B28"]
[Time "16:45:35"]
[PlyCount "81"]
[TimeControl "2700+45"]

1. e4 c5 2. Nf3 a6 3. d4 cxd4 4. Nxd4 Nf6 5. Bd3 e5 6. Nf3 Nc6 7. O-O Bc5 8. c4
d6 9. Nc3 h6 10. a3 Bg4 11. h3 Bh5 12. b4 Bb6 13. Be3 O-O 14. Rc1 Nd4 15. g4
Nxf3+ 16. Qxf3 Bxe3 17. Qxe3 Bg6 18. Rfd1 Qe7 19. f3 Rfd8 20. Kg2 Rac8 21. Rh1
b5 22. cxb5 Rxc3 23. Rxc3 axb5 24. Bxb5 d5 25. Qc5 Qxc5 26. Rxc5 dxe4 27. Rxe5
exf3+ 28. Kxf3 Rd4 29. Rc1 Bd3 30. Bxd3 Rxd3+ 31. Re3 Rd4 32. b5 Nd5 33. Rb3 Nb6
34. Rc6 Nc4 35. Rxc4 Rxc4 36. b6 Rc8 37. b7 Rb8 38. a4 Kf8 39. a5 Ke7 40. a6 Kd7
41. a7 {Black resigns} 1-0

[Event "Team 45 45 League T95"]
[Site "Internet Chess Club"]
[Date "2023.01.16"]
[Round "1"]
[White "walkover"]
[Black "julesraider"]
[Result "1-0"]
[WhiteElo "1726"]
[BlackElo "1610"]
[Opening "Caro-Kann: advance variation"]
[ECO "B12"]
[Time "10:00:28"]
[PlyCount "67"]
[TimeControl "2700+45"]

1. e4 c6 2. d4 d5 3. e5 c5 4. dxc5 Nc6 5. Nf3 Bg4 6. Nbd2 e6 7. h3 Bxf3 8. Nxf3
Bxc5 9. Bd3 Nge7 10. O-O O-O 11. Bxh7+ Kh8 12. Ng5 g6 13. Bxg6 fxg6 14. Nxe6
Rxf2 15. Nxc5 Rxf1+ 16. Qxf1 Nf5 17. b3 Qe7 18. Nd3 Rf8 19. Qf4 Ncd4 20. Qg4
Ne2+ 21. Qxe2 Ng3 22. Qg4 Rf1+ 23. Kh2 Ne4 24. Bg5 Rh1+ 25. Rxh1 Nxg5 26. Qh4+
Kg7 27. Rf1 b6 28. Rf6 Nf3+ 29. gxf3 Qc7 30. Qf2 Qe7 31. Qg3 Qe8 32. Nf4 Qxe5
33. Qxg6+ Kh8 34. Rf8# {Black checkmated} 1-0

[Event "Team 45 45 League T95"]
[Site "Internet Chess Club"]
[Date "2023.01.14"]
[Round "1"]
[White "jfkingiii"]
[Black "kabindra"]
[Result "1/2-1/2"]
[WhiteElo "1522"]
[BlackElo "1649"]
[Opening "Sicilian: Alapin's variation (2.c3)"]
[ECO "B22"]
[Time "16:02:55"]
[PlyCount "78"]
[TimeControl "2700+45"]

1. e4 c5 2. c3 d5 3. exd5 Qxd5 4. d4 Nf6 5. Nf3 Nc6 6. Be2 e6 7. O-O Be7 8. Be3
O-O 9. c4 Qd8 10. Nc3 cxd4 11. Nxd4 Nxd4 12. Qxd4 Qxd4 13. Bxd4 a6 14. Rad1 Nd7
15. Rd2 e5 16. Be3 f5 17. f3 Nf6 18. Nd5 Nxd5 19. cxd5 Bd6 20. Rc1 b5 21. Bc5
Rd8 22. Bxd6 Rxd6 23. Rc6 Rxc6 24. dxc6 Be6 25. b3 Rc8 26. Rc2 Bd5 27. c7 Kf7
28. Bd3 e4 29. fxe4 fxe4 30. Be2 Be6 31. Kf2 Ke7 32. Ke3 g6 33. g4 Bd5 34. Bf1
Kd6 35. Bg2 Bb7 36. g5 Rxc7 37. Rxc7 Kxc7 38. Bxe4 Bxe4 39. Kxe4 Kd6 {Game drawn
by mutual agreement} 1/2-1/2

[Event "Team 45 45 League T95"]
[Site "Internet Chess Club"]
[Date "2023.01.14"]
[Round "1"]
[White "mongmong"]
[Black "jjmolina1"]
[Result "0-1"]
[WhiteElo "1515"]
[BlackElo "1470"]
[Opening "Queen's pawn game"]
[ECO "D05"]
[Time "11:02:03"]
[PlyCount "84"]
[TimeControl "2700+45"]

1. d4 d5 2. Nf3 Nf6 3. e3 e6 4. Bd3 b6 5. Nbd2 c5 6. c3 Nc6 7. Qe2 Bb7 8. O-O
Be7 9. Re1 Qc7 10. h3 Rd8 11. dxc5 bxc5 12. e4 d4 13. cxd4 Nxd4 14. Nxd4 cxd4
15. e5 Nd7 16. Nc4 Nc5 17. b3 Nxd3 18. Qxd3 Qc6 19. f3 Ba6 20. Bf4 Bxc4 21. Qxc4
Qxc4 22. bxc4 Bb4 23. Rec1 Bc3 24. Rab1 O-O 25. Be3 Rb8 26. Bf2 Rfc8 27. Rxb8
Rxb8 28. Be1 Bxe1 29. Rxe1 Rc8 30. Rc1 d3 31. Rd1 Rxc4 32. Rxd3 g6 33. g3 Rc1+
34. Kf2 Rc2+ 35. Ke3 Rxa2 36. Rd8+ Kg7 37. Rd7 a5 38. Ra7 a4 39. f4 a3 40. h4
Ra1 41. Ke2 a2 42. Ra3 Rg1 {White resigns} 0-1

[Event "Team 45 45 League T95"]
[Site "Internet Chess Club"]
[Date "2023.01.17"]
[Round "1"]
[White "hipopotamos"]
[Black "Goli"]
[Result "0-1"]
[WhiteElo "1747"]
[BlackElo "1821"]
[Opening "Caro-Kann: two knights, 3...Bg4"]
[ECO "B11"]
[Time "16:00:32"]
[PlyCount "130"]
[TimeControl "2700+45"]

1. e4 c6 2. Nc3 d5 3. Nf3 Bg4 4. h3 Bh5 5. g4 Bg6 6. exd5 cxd5 7. Ne5 a6 8. Nxg6
hxg6 9. Qf3 e6 10. d4 Nc6 11. Be3 Bb4 12. Bg2 Qa5 13. Bd2 Nxd4 14. Qd3 Nc6 15.
a3 Nf6 16. O-O Bxc3 17. Bxc3 Qc7 18. g5 Nh5 19. Rae1 O-O-O 20. Bd2 Nf4 21. Qf3
Nxg2 22. Kxg2 Rh4 23. b3 Rdh8 24. Rh1 Nd4 25. Qd3 Nf5 26. c4 Rd4 27. Qe2 Re4 28.
Qd1 Rxe1 29. Rxe1 dxc4 30. Qe2 Qc6+ 31. f3 Nd4 32. Qxc4 Qxc4 33. bxc4 Nc2 34.
Re4 Nxa3 35. Bc3 b5 36. cxb5 Nxb5 37. Bxg7 Rd8 38. Rf4 Rd7 39. Kg3 Nd6 40. Bc3
Nf5+ 41. Kf2 Rd5 42. Rb4 Rb5 43. f4 Rc5 44. Be5 Rb5 45. Bc3 Rxb4 46. Bxb4 Nd4
47. Kg3 Kd7 48. h4 Nf5+ 49. Kg4 Ne3+ 50. Kf3 Nd5 51. Ba3 a5 52. Kg4 Ne3+ 53. Kf3
Nc4 54. Bc1 a4 55. Kg4 Ke8 56. h5 gxh5+ 57. Kxh5 Kf8 58. Kh6 Kg8 59. g6 f5 60.
g7 a3 61. Bxa3 Nxa3 62. Kg6 Nb5 63. Kf6 Nc7 64. Ke5 Kxg7 65. Kd6 Kf6 {White
resigns} 0-1

[Event "Team 45 45 League T95"]
[Site "Internet Chess Club"]
[Date "2023.01.15"]
[Round "1"]
[White "qs16"]
[Black "fhunfi"]
[Result "0-1"]
[WhiteElo "1541"]
[BlackElo "1707"]
[Opening "Queen's pawn game"]
[ECO "A45"]
[Time "08:01:22"]
[PlyCount "88"]
[TimeControl "2700+45"]

1. d4 Nf6 2. e3 d6 3. Bd3 g6 4. f4 Bg7 5. Nf3 Nc6 6. Nbd2 O-O 7. O-O e5 8. c3
Re8 9. fxe5 dxe5 10. Ne4 Qe7 11. h3 Nd5 12. Bd2 h6 13. a3 Kh7 14. c4 Nb6 15. d5
Nb8 16. Bb4 Qd8 17. d6 c6 18. Be2 a5 19. Bc3 N8d7 20. Qd2 f5 21. Nf2 Nc5 22.
Rad1 Nb3 23. Qc2 a4 24. Nd2 Nxd2 25. Rxd2 c5 26. Rfd1 Bd7 27. e4 f4 28. b4 axb3
29. Qb2 h5 30. Nd3 Nxc4 31. Qxb3 Nxd2 32. Rxd2 c4 33. Qxc4 Rxa3 34. Nxf4 Rxc3
35. Qf7 exf4 36. Bxh5 gxh5 37. Rd5 Qb6+ 38. Kh2 Rc5 39. Qxh5+ Kg8 40. Rxc5 Qxd6
41. Rd5 Qe6 42. Rd1 Bc6 43. Rd5 Bxd5 44. exd5 Qe5 {White resigns} 0-1

[Event "Team 45 45 League T95"]
[Site "Internet Chess Club"]
[Date "2023.01.13"]
[Round "1"]
[White "ChessMaine"]
[Black "Lawkeito"]
[Result "1/2-1/2"]
[WhiteElo "1403"]
[BlackElo "1623"]
[Opening "Queen's pawn: stonewall attack"]
[ECO "D00"]
[Time "20:45:45"]
[PlyCount "84"]
[TimeControl "2700+45"]

1. d4 d5 2. e3 Nf6 3. Bd3 c5 4. c3 Qb6 5. Nd2 Bg4 6. Ne2 e6 7. f3 Bh5 8. Nf4 Bg6
9. Nxg6 hxg6 10. O-O Bd6 11. f4 Nc6 12. Nf3 Ne4 13. Ne5 Rh6 14. Bxe4 dxe4 15.
Qg4 f5 16. Qg3 Bxe5 17. fxe5 O-O-O 18. b3 Ne7 19. Ba3 Nd5 20. Bxc5 Qa5 21. Bb4
Nxb4 22. cxb4 Qxb4 23. Rfc1+ Kb8 24. Rc4 Qe7 25. Rac1 Rhh8 26. Qxg6 Rh6 27. Qg3
g5 28. d5 f4 29. exf4 exd5 30. Rc5 gxf4 31. Qxf4 Re6 32. b4 Rxe5 33. Rd1 Ka8 34.
Rdc1 b6 35. Rc7 Qe6 36. Qh4 Re8 37. Qh7 Re7 38. Qh8+ Re8 39. Qg7 Re7 40. Qh8+
Re8 41. Qh7 Re7 42. Qh8+ Re8 {Game drawn by repetition} 1/2-1/2

[Event "Team 45 45 League T95"]
[Site "Internet Chess Club"]
[Date "2023.01.12"]
[Round "1"]
[White "primerpaso"]
[Black "Alec-hine"]
[Result "0-1"]
[WhiteElo "1760"]
[BlackElo "1838"]
[Opening "English opening"]
[ECO "A13"]
[Time "15:04:25"]
[PlyCount "42"]
[TimeControl "2700+45"]

1. c4 e6 2. Nc3 d5 3. cxd5 exd5 4. d4 a6 5. Nf3 h6 6. g3 Nf6 7. Bg2 Bd6 8. O-O
O-O 9. a3 c6 10. b4 Qe7 11. Na4 Bf5 12. Bb2 a5 13. bxa5 Rxa5 14. Bc3 Ra7 15. Re1
Nbd7 16. Qb3 Rfa8 17. Nc5 Nxc5 18. dxc5 Bxc5 19. a4 Bxf2+ 20. Kxf2 Ng4+ 21. Kg1
Qe3+ {White resigns} 0-1

[Event "Team 45 45 League T95"]
[Site "Internet Chess Club"]
[Date "2023.01.12"]
[Round "1"]
[White "timcent"]
[Black "fishhead"]
[Result "1-0"]
[WhiteElo "1871"]
[BlackElo "1701"]
[Opening "Grünfeld: 5.Bg5"]
[ECO "D91"]
[Time "22:01:05"]
[PlyCount "51"]
[TimeControl "2700+45"]

1. d4 Nf6 2. c4 g6 3. Nc3 d5 4. Nf3 Bg7 5. Bg5 c6 6. e3 O-O 7. Qb3 e6 8. Be2
Nbd7 9. h4 h6 10. Bf4 dxc4 11. Bxc4 Nb6 12. Be2 Nh5 13. Be5 f6 14. Bh2 f5 15.
Ne5 Kh7 16. O-O-O Nf6 17. Rdg1 Nbd7 18. g4 Nxe5 19. Bxe5 fxg4 20. Bd3 h5 21. f3
Bh6 22. Nd1 Qd5 23. Qc2 Qxf3 24. Bxg6+ Kg8 25. Rf1 Bxe3+ 26. Kb1 {Black resigns}
1-0

[Event "Team 45 45 League T95"]
[Site "Internet Chess Club"]
[Date "2023.01.12"]
[Round "1"]
[White "mnpaulson"]
[Black "Portola"]
[Result "0-1"]
[WhiteElo "1495"]
[BlackElo "1730"]
[Opening "QGD: exchange, positional line"]
[ECO "D35"]
[Time "17:30:56"]
[PlyCount "63"]
[TimeControl "2700+45"]

1. d4 d5 2. c4 e6 3. Nc3 Nf6 4. cxd5 exd5 5. Bg5 Be7 6. e3 c6 7. Bd3 b6 8. Nge2
Bb7 9. O-O Nbd7 10. Rc1 O-O 11. f3 Nh5 12. Bf4 Nxf4 13. Nxf4 Bf6 14. Qc2 h6 15.
Bf5 Re8 16. Qd3 a5 17. Rfe1 b5 18. e4 Bg5 19. Nce2 dxe4 20. fxe4 Nf6 21. Rc5 g6
22. Nxg6 fxg6 23. Bxg6 Re7 24. Ng3 Bc8 25. Rxc6 Bd7 26. Rd6 Qc7 27. Rxf6 Bxf6
28. e5 Rf8 29. Rf1 Bg7 30. Bh7+ Kh8 31. Nf5 Bxf5 32. Bxf5 {White resigns} 0-1

[Event "Team 45 45 League T95"]
[Site "Internet Chess Club"]
[Date "2023.01.12"]
[Round "1"]
[White "AlekMoro"]
[Black "MichaelIC"]
[Result "1-0"]
[WhiteElo "1883"]
[BlackElo "2058"]
[Opening "English opening"]
[ECO "A17"]
[Time "23:00:44"]
[PlyCount "44"]
[TimeControl "2700+45"]

1. c4 Nf6 2. Nc3 e6 3. g3 d5 4. Bg2 Be7 5. e3 O-O 6. Nge2 dxc4 7. Qa4 Bd7 8.
Qxc4 Bc6 9. O-O Bxg2 10. Kxg2 Nbd7 11. d4 a6 12. b3 c5 13. dxc5 Nxc5 14. Rd1 Qc7
15. Bb2 b5 16. Qf4 Qb7+ 17. Qf3 Qb6 18. b4 Ncd7 19. Ne4 Rfd8 20. Rac1 Rac8 21.
Bd4 Qb8 22. a3 Nb6 {Black resigns} 1-0

[Event "Team 45 45 League T95"]
[Site "Internet Chess Club"]
[Date "2023.01.14"]
[Round "1"]
[White "LookImYourVader"]
[Black "KidRattler"]
[Result "1/2-1/2"]
[WhiteElo "1773"]
[BlackElo "1704"]
[Opening "Scandinavian (center counter) defense"]
[ECO "B01"]
[Time "12:03:12"]
[PlyCount "72"]
[TimeControl "2700+45"]

1. e4 d5 2. exd5 Qxd5 3. Nf3 Qd8 4. Bc4 Nf6 5. d4 a6 6. Ne5 e6 7. Be3 b5 8. Qf3
Ra7 9. d5 c5 10. dxc6 Qa5+ 11. Nd2 Rc7 12. Bb3 Bd6 13. Bf4 Qb4 14. c3 Qc5 15.
Nd3 Qxc6 16. Qxc6+ Rxc6 17. O-O Nbd7 18. a4 O-O 19. axb5 axb5 20. Ra5 Bxf4 21.
Nxf4 Rb6 22. Nd3 Bb7 23. Re1 Ne8 24. Bd1 Nd6 25. Ne5 Nxe5 26. Rxe5 Nc4 27. Nxc4
bxc4 28. Reb5 Rd8 29. Be2 Rbd6 30. Kf1 Bd5 31. Rc5 g6 32. Ra1 Rb8 33. Ra2 Rdb6
34. Bxc4 Bxc4+ 35. Rxc4 Rxb2 36. Rxb2 Rxb2 {Game drawn by mutual agreement}
1/2-1/2

[Event "Team 45 45 League T95"]
[Site "Internet Chess Club"]
[Date "2023.01.14"]
[Round "1"]
[White "fireball"]
[Black "julesraider"]
[Result "0-1"]
[WhiteElo "1558"]
[BlackElo "1622"]
[Opening "Caro-Kann: Tartakower (fantasy) variation"]
[ECO "B12"]
[Time "12:02:37"]
[PlyCount "66"]
[TimeControl "2700+45"]

1. e4 c6 2. d4 d5 3. f3 e6 4. Nc3 Nd7 5. e5 Qh4+ 6. g3 Qd8 7. Be3 c5 8. Bb5 cxd4
9. Bxd4 Ne7 10. Nge2 a6 11. Ba4 b5 12. Bb3 Nc6 13. f4 Nxd4 14. Nxd4 Qb6 15. Nce2
Nc5 16. c3 b4 17. O-O bxc3 18. bxc3 Nxb3 19. axb3 a5 20. Kg2 Ba6 21. Qd2 Be7 22.
Ra2 O-O 23. Rfa1 Bxe2 24. Qxe2 Bc5 25. Qc2 Bxd4 26. cxd4 Qxd4 27. Rxa5 Rac8 28.
Qf2 Qe4+ 29. Kg1 Rc2 30. Qf1 Qe3+ 31. Kh1 Rf2 32. Qd1 Qe4+ 33. Kg1 Qg2# {White
checkmated} 0-1

[Event "Team 45 45 League T95"]
[Site "Internet Chess Club"]
[Date "2023.01.15"]
[Round "1"]
[White "hewdondada"]
[Black "jfkingiii"]
[Result "1/2-1/2"]
[WhiteElo "1640"]
[BlackElo "1527"]
[Opening "QGD: exchange, positional line, 5...c6"]
[ECO "D35"]
[Time "19:00:48"]
[PlyCount "146"]
[TimeControl "2700+45"]

1. d4 d5 2. c4 e6 3. Nc3 Nf6 4. cxd5 exd5 5. Bg5 c6 6. Nf3 Be7 7. Bxf6 Bxf6 8.
e3 O-O 9. b4 Bf5 10. Rc1 Be7 11. a3 Re8 12. Be2 a6 13. O-O Nd7 14. Na4 Nf6 15.
Nc5 Bxc5 16. Rxc5 Ne4 17. Rc1 Qd6 18. Nd2 Qg6 19. Bh5 Qg5 20. f4 Qe7 21. Re1 Qh4
22. Nxe4 Rxe4 23. Bf3 Re6 24. Qd2 Rae8 25. Rc3 Rh6 26. g3 Qe7 27. Re2 Re6 28.
Kf2 Be4 29. Bxe4 Rxe4 30. Rb3 Re6 31. Qc1 Rh6 32. Kg1 Qe4 33. Rf2 Rg6 34. Qd2 h5
35. Qd3 Qxd3 36. Rxd3 h4 37. Kg2 hxg3 38. hxg3 Ra8 39. Kf3 Rh6 40. Kg2 Kf8 41.
g4 b5 42. Rc3 Ke7 43. Kg3 Kd7 44. Rh2 Rxh2 45. Kxh2 a5 46. bxa5 Rxa5 47. Kg3 Ra4
48. Kf3 Rc4 49. Rb3 Kd6 50. Rb4 Rc3 51. a4 bxa4 52. Rxa4 g6 53. g5 Rb3 54. Ra7
Ke6 55. Rc7 Rb6 56. Kg4 Ra6 57. Kf3 Rb6 58. Rc8 Kd6 59. Re8 Rb7 60. Kg4 Re7 61.
Rxe7 Kxe7 62. f5 Kd6 63. Kf4 gxf5 64. Kxf5 Ke7 65. Ke5 Kd7 66. e4 dxe4 67. Kxe4
Ke6 68. Kf4 Kd6 69. Kf5 Ke7 70. Ke5 Kd7 71. Kf5 Ke7 72. Ke5 Kd7 73. Kf6 Ke8
{Game drawn by mutual agreement} 1/2-1/2

[Event "Team 45 45 League T95"]
[Site "Internet Chess Club"]
[Date "2023.01.17"]
[Round "1"]
[White "kabindra"]
[Black "WillC"]
[Result "1/2-1/2"]
[WhiteElo "1702"]
[BlackElo "1578"]
[Opening "Scandinavian defense"]
[ECO "B01"]
[Time "18:05:02"]
[PlyCount "70"]
[TimeControl "2700+45"]

1. e4 d5 2. exd5 Nf6 3. Bb5+ Bd7 4. Bxd7+ Nbxd7 5. c4 g6 6. d4 Bg7 7. Nc3 O-O 8.
Nf3 Re8 9. O-O e6 10. dxe6 Rxe6 11. d5 Re8 12. Bg5 Qc8 13. Qc2 b6 14. Rae1 Qa6
15. Nb5 Qb7 16. Bf4 Rxe1 17. Rxe1 Rc8 18. Nbd4 Re8 19. Nc6 Rxe1+ 20. Nxe1 Nh5
21. Bd2 Ne5 22. Nxe5 Bxe5 23. b3 c6 24. Qe4 Qc7 25. g3 Nf6 26. Qd3 cxd5 27. cxd5
Bd6 28. Bc3 Nxd5 29. Qxd5 Qxc3 30. Qxd6 Qxe1+ 31. Kg2 Qe4+ 32. Kh3 Qf5+ 33. Kg2
Qe4+ 34. Kh3 Qf5+ 35. Kg2 Qe4+ {Game drawn by repetition} 1/2-1/2

[Event "Team 45 45 League T95"]
[Site "Internet Chess Club"]
[Date "2023.01.15"]
[Round "1"]
[White "evan7284"]
[Black "jjmolina1"]
[Result "1-0"]
[WhiteElo "1578"]
[BlackElo "1458"]
[Opening "Queen's pawn: London system"]
[ECO "A45"]
[Time "09:05:24"]
[PlyCount "65"]
[TimeControl "2700+45"]

1. d4 Nf6 2. Bf4 g6 3. Nc3 Bg7 4. e4 d6 5. Qd2 Nc6 6. O-O-O O-O 7. Bh6 Bxh6 8.
Qxh6 Ng4 9. Qd2 Kg7 10. f3 Nh6 11. h4 f5 12. h5 f4 13. hxg6 hxg6 14. Nh3 Bxh3
15. Rxh3 e5 16. dxe5 dxe5 17. Qf2 Nd4 18. Nb5 Qf6 19. Nxd4 exd4 20. Qxd4 Qxd4
21. Rxd4 Rad8 22. Rxd8 Rxd8 23. Bc4 Re8 24. Rh1 Rd8 25. Rd1 Rxd1+ 26. Kxd1 Kf6
27. Ke2 c5 28. Kf2 Ke5 29. c3 b6 30. g4 fxg3+ 31. Kxg3 g5 32. Bd5 Kf6 33. f4
{Black resigns} 1-0

[Event "Team 45 45 League T95"]
[Site "Internet Chess Club"]
[Date "2023.01.17"]
[Round "1"]
[White "olivermx"]
[Black "BrerRabbit"]
[Result "0-1"]
[WhiteElo "1311"]
[BlackElo "1349"]
[Opening "Scandinavian (center counter) defense"]
[ECO "B01"]
[Time "10:09:54"]
[PlyCount "126"]
[TimeControl "2700+45"]

1. e4 d5 2. exd5 Qxd5 3. Nc3 Qd8 4. d4 Nf6 5. Nf3 Bg4 6. h3 Bxf3 7. Qxf3 c6 8.
Bc4 Qxd4 9. Bb3 e6 10. Be3 Qe5 11. O-O-O Be7 12. Rhe1 Qc7 13. Bf4 Qc8 14. g4 O-O
15. g5 Nfd7 16. Qg3 Rd8 17. h4 Nf8 18. h5 Rxd1+ 19. Rxd1 Nbd7 20. Ne4 Nc5 21.
Nxc5 Bxc5 22. h6 Ng6 23. Qc3 Bf8 24. Bd6 gxh6 25. Bxf8 Qxf8 26. Qf6 Qe7 27. Qxe7
Nxe7 28. gxh6 Nf5 29. Rh1 Rd8 30. Bc4 Rd4 31. Bd3 Rf4 32. Rh2 Rh4 33. Rg2+ Kf8
34. Bxf5 exf5 35. Rg5 Rxh6 36. Rxf5 Rh2 37. Kd2 Rh6 38. Rf3 Rg6 39. Ke2 Kg7 40.
Rd3 b6 41. Ra3 a5 42. Rb3 b5 43. a4 b4 44. c3 c5 45. cxb4 cxb4 46. Rd3 Rg5 47.
b3 h5 48. Kf3 Rc5 49. Kg2 Rc3 50. Rd5 Rxb3 51. Rxh5 Ra3 52. Rxa5 b3 53. Rg5+ Kf6
54. Rg3 Ke5 55. a5 Kd5 56. Rf3 Kc4 57. Rf4+ Kc3 58. Rxf7 Rxa5 59. Rc7+ Kb2 60.
Re7 Rb5 61. Rc7 Ka2 62. Ra7+ Kb1 63. Rc7 b2 {White resigns} 0-1

[Event "Team 45 45 League T95"]
[Site "Internet Chess Club"]
[Date "2023.01.16"]
[Round "1"]
[White "clarinetref"]
[Black "jonesey"]
[Result "1/2-1/2"]
[WhiteElo "1474"]
[BlackElo "1883"]
[Opening "Center game: Berger variation"]
[ECO "C22"]
[Time "18:03:43"]
[PlyCount "131"]
[TimeControl "2700+45"]

1. e4 e5 2. d4 exd4 3. Qxd4 Nc6 4. Qe3 Nf6 5. Nc3 Bb4 6. Bd2 O-O 7. O-O-O Re8 8.
Qg3 Rxe4 9. Nxe4 Nxe4 10. Qe3 Bxd2+ 11. Rxd2 Nxd2 12. Qxd2 d6 13. Bd3 Be6 14.
Kb1 Qh4 15. f4 Qh5 16. Nf3 Qd5 17. c4 Qa5 18. Qxa5 Nxa5 19. b3 h6 20. Nd4 Bd7
21. Re1 Re8 22. Rxe8+ Bxe8 23. Be4 Kf8 24. Kb2 a6 25. Kc3 c5 26. Nf5 Bc6 27.
Bxc6 Nxc6 28. Nxd6 Nd8 29. Kd3 Ke7 30. Nc8+ Ke6 31. g4 f5 32. h3 Nc6 33. Nb6
fxg4 34. hxg4 Nb4+ 35. Ke4 Nxa2 36. f5+ Kd6 37. Nd5 Nb4 38. Nf4 Ke7 39. Ne6 g6
40. Nxc5 b5 41. cxb5 axb5 42. Ke5 Nc6+ 43. Ke4 Kf6 44. fxg6 Kxg6 45. Kf4 Nd4 46.
b4 Nc6 47. Nd3 Kf6 48. Kg3 Ke6 49. Kh4 Kf6 50. Kh5 Kg7 51. g5 hxg5 52. Kxg5 Kf7
53. Kf5 Ke7 54. Ke4 Kd6 55. Ke3 Kd5 56. Nc1 Kc4 57. Ne2 Kxb4 58. Kd3 Kb3 59. Nc3
Ne5+ 60. Kd4 Nf3+ 61. Kd3 Ne1+ 62. Kd2 Nf3+ 63. Kd3 Ne5+ 64. Kd4 Nf3+ 65. Kd3
Ne1+ 66. Kd2 {Game drawn by mutual agreement} 1/2-1/2

[Event "Team 45 45 League T95"]
[Site "Internet Chess Club"]
[Date "2023.01.14"]
[Round "1"]
[White "ghowell"]
[Black "Electryon"]
[Result "1-0"]
[WhiteElo "1605"]
[BlackElo "1482"]
[Opening "Sicilian: Alapin's variation (2.c3)"]
[ECO "B22"]
[Time "14:00:55"]
[PlyCount "121"]
[TimeControl "2700+45"]

1. e4 c5 2. c3 e5 3. Nf3 Nc6 4. d4 cxd4 5. cxd4 exd4 6. Nxd4 Bb4+ 7. Nc3 Nf6 8.
Nxc6 bxc6 9. Bd3 d5 10. O-O O-O 11. Qc2 Qd6 12. exd5 cxd5 13. Bg5 h6 14. Bxf6
gxf6 15. Nxd5 Bb7 16. Nxb4 Qxb4 17. a3 Qg4 18. f3 Qd4+ 19. Kh1 Rac8 20. Qd2 Rfd8
21. Rfd1 Kg7 22. Qe1 Qxb2 23. Rdb1 Qe5 24. Rxb7 Rxd3 25. Rxa7 Rcd8 26. Re7 Qxa1
27. Qxa1 Rd1+ 28. Re1 Rxa1 29. Rxa1 Ra8 30. a4 Ra5 31. g3 f5 32. f4 Kg6 33. Kg2
Kh5 34. Kf3 f6 35. h3 Kg6 36. Ke3 h5 37. h4 Kf7 38. Kd4 Ke6 39. Kc4 Kd6 40. Kb4
Rd5 41. a5 Kc7 42. Rc1+ Kb7 43. Rc5 Rd1 44. Rxf5 Rb1+ 45. Kc4 Rc1+ 46. Kd5 Rg1
47. Ke6 Rxg3 48. Rxh5 Rg8 49. Kxf6 Rf8+ 50. Ke5 Re8+ 51. Kd4 Rf8 52. Ke4 Ka6 53.
Rd5 Re8+ 54. Re5 Rf8 55. f5 Rh8 56. f6 Rxh4+ 57. Kf5 Rh8 58. f7 Rh1 59. Ke6 Rh6+
60. Ke7 Rh7 61. Ke8 {Black resigns} 1-0

[Event "Team 45 45 League T95"]
[Site "Internet Chess Club"]
[Date "2023.01.13"]
[Round "1"]
[White "DaveTheRook"]
[Black "keithuws1"]
[Result "1/2-1/2"]
[WhiteElo "1389"]
[BlackElo "1246"]
[Opening "Grünfeld: exchange, classical variation"]
[ECO "D86"]
[Time "18:31:02"]
[PlyCount "100"]
[TimeControl "2700+45"]

1. d4 Nf6 2. c4 g6 3. Nc3 d5 4. cxd5 Nxd5 5. e4 Nxc3 6. bxc3 Bg7 7. Bc4 O-O 8.
Be3 b6 9. Qd2 c5 10. Bd5 cxd4 11. Bxd4 Nc6 12. Bxc6 Rb8 13. Bxg7 Kxg7 14. Qd4+
f6 15. Qxd8 Rxd8 16. Rd1 Be6 17. Bd5 Bxd5 18. Rxd5 Rxd5 19. exd5 Rd8 20. Nf3
Rxd5 21. O-O Ra5 22. Re1 e5 23. Re2 g5 24. h3 h5 25. Kf1 Kg6 26. Ke1 Kf5 27. Nh2
Ke6 28. Rd2 b5 29. Nf1 f5 30. Ne3 Ra4 31. f3 a6 32. Nd5 Rc4 33. Kd1 Rc5 34. Nb4
a5 35. Nc2 Rxc3 36. a3 g4 37. hxg4 hxg4 38. fxg4 f4 39. Rd8 Rg3 40. Rb8 b4 41.
axb4 axb4 42. Rxb4 Rxg2 43. Rb6+ Kd5 44. Rg6 Rg1+ 45. Kd2 Rg2+ 46. Kc3 Ke4 47.
Rg8 f3 48. g5 f2 49. Rf8 Rg3+ 50. Kd2 Rg2 {Game drawn by mutual agreement}
1/2-1/2

[Event "Team 45 45 League T95"]
[Site "Internet Chess Club"]
[Date "2023.01.16"]
[Round "1"]
[White "natalieH"]
[Black "herrahuu"]
[Result "0-1"]
[WhiteElo "1082"]
[BlackElo "1433"]
[Opening "Bird: From gambit"]
[ECO "A02"]
[Time "10:55:44"]
[PlyCount "50"]
[TimeControl "2700+45"]

1. f4 e5 2. fxe5 d6 3. Nf3 Nc6 4. exd6 Bxd6 5. e3 Ne5 6. Be2 Nxf3+ 7. Bxf3 Qh4+
8. Kf1 Bxh2 9. Qe1 Qxe1+ 10. Kxe1 Bg3+ 11. Kf1 Nf6 12. Nc3 c6 13. d3 O-O 14. Ne4
Nxe4 15. Bxe4 f5 16. Bf3 g5 17. Be2 Be6 18. e4 fxe4+ 19. Kg1 exd3 20. Bxd3 Bf2+
21. Kh2 Bf5 22. Bxg5 Bxd3 23. cxd3 Rf5 24. Raf1 Raf8 25. Kh3 Rxg5 {White
resigns} 0-1

[Event "Team 45 45 League T95"]
[Site "Internet Chess Club"]
[Date "2023.01.13"]
[Round "1"]
[White "VictorRed"]
[Black "Lawkeito"]
[Result "0-1"]
[WhiteElo "1606"]
[BlackElo "1633"]
[Opening "Queen's pawn game, Darooha variation "]
[ECO "D02"]
[Time "18:08:48"]
[PlyCount "68"]
[TimeControl "2700+45"]

1. d4 d5 2. Nf3 Nf6 3. g3 c6 4. Bg2 Bg4 5. O-O e6 6. Nc3 c5 7. Ne5 Bh5 8. Be3 c4
9. a3 Be7 10. f3 O-O 11. g4 Bg6 12. h4 h5 13. Nxg6 fxg6 14. g5 Nfd7 15. Bh3 Qb6
16. Qd2 Qc6 17. Bf4 Bd8 18. e4 Na6 19. Rae1 Nb6 20. exd5 exd5 21. Re6 Qd7 22.
Kg2 Qf7 23. Bd6 Nc7 24. Qe3 Kh7 25. Bxf8 Nxe6 26. Bxe6 Qxf8 27. Nxd5 Qd6 28.
Nxb6 Bxb6 29. c3 Re8 30. Re1 Bc7 31. d5 Qg3+ 32. Kf1 Bb6 33. Qxb6 axb6 34. Re3
Rf8 {White resigns} 0-1

[Event "Team 45 45 League T95"]
[Site "Internet Chess Club"]
[Date "2023.01.15"]
[Round "1"]
[White "fvafier"]
[Black "isolani"]
[Result "1-0"]
[WhiteElo "1536"]
[BlackElo "1370"]
[Opening "Queen's pawn game"]
[ECO "A46"]
[Time "08:01:34"]
[PlyCount "91"]
[TimeControl "2700+45"]

1. Nf3 Nf6 2. d4 d6 3. c4 c6 4. b3 g6 5. Bb2 Bg7 6. e3 O-O 7. Nbd2 Bf5 8. Nh4
Be6 9. Be2 d5 10. O-O Na6 11. Rc1 Rc8 12. cxd5 Bxd5 13. Bxa6 bxa6 14. Nc4 Re8
15. Nf3 Nd7 16. Qe2 Bxf3 17. Qxf3 c5 18. Rfd1 cxd4 19. Bxd4 Qc7 20. Bxg7 Kxg7
21. Qe4 Nf6 22. Qe5 Qxe5 23. Nxe5 Rxc1 24. Rxc1 Rd8 25. f3 Rd2 26. a3 Nd5 27.
Nc4 Rd3 28. e4 Nf4 29. Rb1 Ne2+ 30. Kf2 Nc3 31. Rc1 Nb5 32. a4 Rc3 33. Rxc3 Nxc3
34. Ke3 h5 35. Kd4 Ne2+ 36. Kc5 Nf4 37. g3 Ne6+ 38. Kd5 Nd8 39. Ne5 Ne6 40. Nc6
Nc7+ 41. Kc4 Kf8 42. Nxa7 Ke8 43. Kc5 Na8 44. a5 Kd7 45. Nc6 f6 46. Nb8+ {Black
resigns} 1-0

[Event "Team 45 45 League T95"]
[Site "Internet Chess Club"]
[Date "2023.01.11"]
[Round "1"]
[White "xingon"]
[Black "Megasus"]
[Result "0-1"]
[WhiteElo "1326"]
[BlackElo "1442"]
[Opening "Sicilian: Katalimov variation"]
[ECO "B27"]
[Time "20:01:30"]
[PlyCount "24"]
[TimeControl "2700+45"]

1. e4 c5 2. Nf3 b6 3. d4 cxd4 4. Nxd4 Bb7 5. Nc3 a6 6. Bd3 e6 7. O-O Qc7 8. Be3
Nf6 9. f4 h5 10. f5 Ng4 11. Bf4 e5 12. h3 Bc5 {White resigns} 0-1